 Dungeon Crawl Stone Soup version 0.31-a0-117-g42d8f58691 (webtiles) character file.

Game seed: 13164045126081195507

2758396 KimchiStew the Human Blade (level 27, 214/214 (221) HPs)
             Began as a Human Ice Elementalist on May 30, 2023.
             Was a High Priest of Okawaru.
             Escaped with the Orb
             ... and 5 runes!
             The game lasted 03:36:26 (83308 turns).

KimchiStew the Human Blade (HuIE)                  Turns: 83308, Time: 03:36:27

HP:   214/214 (221) AC: 30    Str: 12      XL:     27
MP:   37/37         EV: 24    Int: 25      God:    Okawaru [*****.]
Gold: 2505          SH:  0    Dex: 21 (23) Spells: 7/46 levels left

rFire   + . .        d - +9 triple sword (protect)
rCold   . . .        (shield currently unavailable)
rNeg    + . .        B - +1 faerie dragon scales {Regen+ rCorr Str+3 Int-4 SInv}
rPois   .            R - +1 hat "Inlenoet" {Drain rF+ Int+3 Dex+2}
rElec   .            I - +1 cloak of Slovenliness {Will+ Int+2}
rCorr   +            u - +3 pair of gauntlets of War {Slay+5}
SInv    +            q - +2 pair of boots
Will    +++++        E - amulet of magic regeneration
Stlth   +            i - ring of the Tortoise {AC+8}
HPRegen 1.35/turn    H - ring "Taluupah" {rN+ Will+}
MPRegen 0.65/turn

%: no passive effects
@: studying 3 skills, lightly drained
A: clever 1, deterioration 1, strong-willed 1
0: Orb of Zot
}: 5/15 runes: barnacled, slimy, silver, abyssal, gossamer
a: Renounce Religion, Heroism, Finesse, Duel


You escaped.
You worshipped Okawaru.
Okawaru was extremely pleased with you.
You visited 11 branches of the dungeon, and saw 53 of its levels.
You visited the Abyss 4 times.
You visited 1 bazaar.
You also visited: Sewer and Gauntlet.

You collected 8684 gold pieces.
You spent 6179 gold pieces at shops.

Inventory:

Hand Weapons
 d - a +9 triple sword of protection (weapon)
 f - a +10 spectral double sword
Missiles
 e - 8 silver javelins
 t - 2 silver boomerangs
 D - 20 curare-tipped darts
 M - 5 throwing nets
Armour
 q - a +2 pair of boots (worn)
 u - the +3 pair of gauntlets of War (worn) {Slay+5}
   (Okawaru gifted it to you on level 2 of the Elven Halls)

   Slay:      It affects your accuracy & damage with ranged weapons and melee
   (+5).
 B - the +1 faerie dragon scales (worn) {Regen+ rCorr Str+3 Int-4 SInv}
   (You took it off the Enchantress on level 1 of the Depths)

   Str:       It affects your strength (+3).
   Int:       It affects your intelligence (-4).
   SInv:      It lets you see invisible.
   Regen:     It increases your rate of health regeneration.
   rCorr:     It protects you from acid and corrosion.
 I - the +1 cloak of Slovenliness (worn) {Will+ Int+2}
   (You acquired it on level 5 of the Vaults)

   Int:       It affects your intelligence (+2).
   Will:      It increases your willpower.
 R - the +1 hat "Inlenoet" (worn) {Drain rF+ Int+3 Dex+2}
   (Okawaru gifted it to you on level 10 of the Dungeon)

   Int:       It affects your intelligence (+3).
   Dex:       It affects your dexterity (+2).
   rF:        It protects you from fire.
   Drain:     It drains your maximum health when unequipped.
Jewellery
 i - the ring of the Tortoise (left hand) {AC+8}
   (You found it on level 5 of the Pits of Slime)

   [ring of protection]

   AC:        It affects your AC (+8).
 r - the ring "Wudas" {Fire Will+}
   (You found it on level 11 of the Dungeon)

   [ring of fire]

   It enhances your fire magic.
   rF:        It protects you from fire.
   rC:        It makes you vulnerable to cold.
   Will:      It increases your willpower.
 s - the ring of Happiness {Wiz Slay+5}
   (You found it in a Gauntlet)

   [ring of wizardry]

   It improves your spell success rate.
   Slay:      It affects your accuracy & damage with ranged weapons and melee
   (+5).
 E - an amulet of magic regeneration (around neck)
 H - the ring "Taluupah" (right hand) {rN+ Will+}
   (You bought it in a shop on level 2 of the Elven Halls)

   [ring of willpower]

   rN:        It protects you from negative energy.
   Will:      It increases your willpower.
 O - the ring of Joquibe {rPois Int+6 Dex+4}
   (You took it off a deep elf sorcerer on level 3 of the Elven Halls)

   [ring of intelligence]

   Int:       It affects your intelligence (+6).
   Dex:       It affects your dexterity (+4).
   rPois:     It protects you from poison.
 Q - a ring of protection from cold
 V - a ring of protection from fire
Wands
 h - a wand of iceblast (20)
 w - a wand of light (24)
 L - a wand of mindburst (27)
 S - a wand of flame (60)
 U - a wand of digging (16)
Scrolls
 a - 2 scrolls of silence
 g - 6 scrolls of amnesia
 m - 6 scrolls of torment
 v - 6 scrolls of vulnerability
 x - 4 scrolls of fear
 y - 9 scrolls of enchant armour
 A - 2 scrolls of fog
 J - 3 scrolls of poison
 X - 5 scrolls of immolation
Potions
 b - 4 potions of magic
 c - 9 potions of enlightenment
 j - a potion of resistance
 l - 2 potions of brilliance
 n - 7 potions of ambrosia
 p - 4 potions of might
 z - 3 potions of attraction
 K - 3 potions of cancellation
 T - 2 potions of berserk rage {unknown}
 Y - 9 potions of lignification
Miscellaneous
 C - a tin of tremorstones (2/2)
 P - a phial of floods


   Skills:
 - Level 19.0 Fighting
 - Level 22.0 Long Blades
 - Level 14.0 Throwing
 + Level 14.5 Armour
 - Level 18.0 Dodging
 - Level 3.0 Stealth
 - Level 10.0 Spellcasting
 - Level 10.0 Conjurations
 - Level 14.0 Translocations
 - Level 12.0 Transmutations
 - Level 8.0 Ice Magic
 - Level 12.0 Earth Magic
 - Level 15.0 Invocations
 - Level 5.0 Evocations


You had 7 spell levels left.
You knew the following spells:

 Your Spells              Type           Power      Damage    Failure   Level
a - Manifold Assault      Tloc           70%        N/A       1%          4
b - Passwall              Tmut/Erth      53%        N/A       1%          2
c - Ozocubu's Armour      Ice            51%        N/A       1%          3
d - Freeze                Ice            100%       1d10      1%          1
e - Blink                 Tloc           100%       N/A       1%          2
f - Iskenderun's Mystic   Conj/Tloc      64%        2d13      1%          4
g - Dispersal             Tloc           35%        N/A       3%          6
h - Statue Form           Tmut/Erth      42%        N/A       7%          6
i - Apportation           Tloc           100%       N/A       1%          1
j - Lesser Beckoning      Tloc           100%       N/A       1%          2
k - Irradiate             Conj/Tmut      30%        3d21      1%          5
l - Frozen Ramparts       Ice            100%       1d16      1%          3

Your spell library contained the following spells:

 Spells                   Type           Power      Damage    Failure   Level
 Foxfire                  Conj/Fire      100%       2x1d9     1%          1
 Magic Dart               Conj           100%       1d8       1%          1
 Sandblast                Erth           100%       2d20      1%          1
 Sting                    Tmut/Pois      100%       1d8       1%          1
 Ensorcelled Hibernation  Hex/Ice        64%        N/A       1%          2
 Momentum Strike          Conj/Tloc      100%       3d10      1%          2
 Static Discharge         Conj/Air       74%        2-6/arc   1%          2
 Wereblood                Tmut           64%        N/A       1%          2
 Gell's Gravitas          Tloc           70%        N/A       1%          3
 Hailstorm                Conj/Ice       55%        3d12      1%          3
 Spider Form              Tmut/Pois      42%        N/A       1%          3
 Teleport Other           Tloc           70%        N/A       1%          3
 Volatile Blastmotes      Fire/Tloc      94%        2d17      1%          3
 Ice Form                 Ice/Tmut       58%        N/A       1%          4
 Petrify                  Tmut/Erth      64%        N/A       1%          4
 Blade Hands              Tmut           32%        N/A       1%          5
 Dazzling Flash           Conj/Hex       74%        N/A       2%          3
 Ignite Poison            Fire/Tmut/Pois 32%        N/A       3%          3
 Mephitic Cloud           Conj/Pois/Air  29%        N/A       4%          3
 Necrotise                Necr           48%        1d6       6%          1
 Cigotuvi's Dreadful Rot  Necr/Pois/Air  24%        N/A       10%         2
 Poisonous Vapours        Pois/Air       24%        N/A       10%         2
 Sublimation of Blood     Necr           12%        N/A       10%         2
 Leda's Unmaking          Conj/Erth      30%        9d5       11%         6
 Borgnjor's Vile Clutch   Necr/Erth      21%        N/A       16%         5
 Freezing Cloud           Conj/Ice/Air   21%        6-21      16%         5
 Fireball                 Conj/Fire      18%        3d9       22%         5
 Dragon Form              Tmut           32%        N/A       36%         7
 Airstrike                Air            6%         2d(1-17)  54%         4
 Anguish                  Hex/Necr       6%         N/A       54%         4
 Cause Fear               Hex            6%         N/A       54%         4
 Olgreb's Toxic Radiance  Pois           12%        N/A       54%         4
 Eringya's Noxious Bog    Tmut/Pois      21%        N/A       63%         6
 Starburst                Conj/Fire      18%        6d7       77%         6
 Agony                    Necr           12%        N/A       87%         5
 Silence                  Hex/Air        6%         N/A       87%         5
 Storm Form               Tmut/Air       21%        N/A       99%         7
 Plasma Beam              Fire/Air       6%         2x1d18    100%        6
 Disjunction              Tloc           35%        N/A       80%         8
 Maxwell's Capacitive Co  Air            6%         ∞         100%        8
 Chain Lightning          Conj/Air       18%        3d24      100%        9
 Fire Storm               Conj/Fire      18%        8d5       100%        9
 Shatter                  Erth           32%        3d26*     100%        9
 Animate Armour           Summ/Erth      Unusable   N/A       N/A         4
 Summon Small Mammal      Summ           Unusable   N/A       N/A         1
 Call Imp                 Summ           Unusable   N/A       N/A         2
 Summon Forest            Summ/Tloc      Unusable   N/A       N/A         5
 Summon Ice Beast         Ice/Summ       Unusable   N/A       N/A         4
 Animate Dead             Necr           Unusable   N/A       N/A         4
 Summon Lightning Spire   Summ/Air       Unusable   N/A       N/A         4
 Simulacrum               Ice/Necr       Unusable   N/A       N/A         6
 Haunt                    Necr/Summ      Unusable   N/A       N/A         7
 Summon Hydra             Summ           Unusable   N/A       N/A         7
 Infestation              Necr           Unusable   N/A       N/A         8
 Dragon's Call            Summ           Unusable   N/A       N/A         9

Dungeon Overview and Level Annotations

Branches:
Dungeon (15/15)            Temple (1/1) D:7            Lair (5/5) D:10
 Shoals (4/4) Lair:3       Spider (4/4) Lair:2        Slime (5/5) Lair:4
    Orc (2/2) D:12            Elf (3/3) Orc:2        Vaults (5/5) D:13
  Crypt (0/3) Vaults:3     Depths (4/4) D:15            Zot (5/5) Depths:4
  Sewer (visited)         Gauntlet (visited)

Altars:
Elyvilon
Hepliaklqana
Makhleb
Okawaru
Qazlal
Ru
Sif Muna
Trog
Uskayaw
Vehumet
Wu Jian
Xom
Jiyva

Shops:
D:8 =   D:11 (   D:12 !!   Orc:2 :[*(=   Elf:1 (   Elf:2 =   Shoals:1 [
Shoals:2 (   Shoals:4 =   Vaults:2 ?   Vaults:3 *   Depths:3 :=:

Portals:
Hell: Depths:1 Depths:2 Depths:4
Abyss: Depths:2 Depths:3
Ziggurat: Depths:2

Annotations:
D:13 1 runed translucent door
Lair:1 3 runed translucent doors, Pag Assur's ghost, journeyman VSBr
Spider:2 3 runed translucent doors, Cosiarut's ghost, journeyman FeSu; Duhoah Foli's ghost, adept AtWn; Nacwyfagh's ghost, adept MiFi; Xaebebb's ghost, adept DrCj; Ysufeth's ghost, adept MiFi
Elf:2 3 runed translucent doors
Vaults:5 1 exclusion
Depths:2 exclusion: 3 doors
Depths:3 1 exclusion


Innate Abilities, Weirdness & Mutations

Your mind is acute. (Int +4, Str/Dex -1)
Your body sometimes deteriorates upon taking damage.
You are strong-willed. (Will+)


Message History

There is a stone staircase leading down here.
Unknown command.
There is a stone staircase leading up here.
You climb upwards.
There is a stone staircase leading down here.
Unknown command.
Casting: Passwall (safe; 1% risk of failure)
Confirm with . or Enter, or press ? or * to list all spells.
Aiming: Passwall (safe; 1% risk of failure)
Press: ? - help, Dir - move target
There is no adjacent passable wall in that direction.
This square is covered in magical glow.
Okay, then.
Unknown command.
Things that are here:
a +0 short sword; a +0 robe; a +0 scythe
There is a stone staircase leading up here.
You climb upwards.
There is a stone staircase leading down here.
Unknown command.
Casting: Passwall (safe; 1% risk of failure)
Confirm with . or Enter, or press ? or * to list all spells.
Aiming: Passwall (safe; 1% risk of failure)
Press: ? - help, Dir - move target A rock wall.
This square is covered in magical glow.
You begin to meditate on the wall.
You continue meditating on the rock. x2
Magic restored.
You finish merging with the rock.
Casting: Passwall (safe; 1% risk of failure)
Confirm with . or Enter, or press ? or * to list all spells.
Aiming: Passwall (safe; 1% risk of failure)
Press: ? - help, Dir - move target A rock wall.
This square is covered in magical glow.
You begin to meditate on the wall.
You continue meditating on the rock. x3
You finish merging with the rock.
Okay, then.
There is a staircase leading out of the dungeon here.
You have escaped!

#############.##8# ####.#......
...)...........#.# #.#......
################.### #.##.....
###.....### #.##.#### ##########
#.........# #..######
##8##8##8###.........## ##.#
#... ....)...............8.# #.#
#.##
^.....................####.###.#
................@.......8#.##..#
......................####....##
....................8.###...###
##8##8##8###.........###..#.###
############.........#........#
#...###.....###........# #.#.#
###.###....>.....# #.#.#
#.#............### #.#.#
#8#.#..#..........


There were no monsters in sight!

Vanquished Creatures
  the Royal Jelly (Slime:5)
  A dread lich (Vaults:5)
  6 ancient liches
  8 orbs of fire (Zot:5)
  Mara (Shoals:4)
  Josephina (Depths:2)
  Sojobo (Vaults:3)
  Bai Suzhen (Elf:3)
  2 Killer Klowns (Zot:5)
  A curse toe (Zot:5)
  5 golden dragons
  Jory (Depths:4)
  The ghost of Dyrphilu the Spry, an adept GnMo of Gozag (Vaults:2)
  the Enchantress (Depths:1)
  Arachne (Spider:3)
  Nikola (Shoals:3)
  2 bone dragons
  3 electric golems
  A Tzitzimitl (D:11)
  A Hell Sentinel (Abyss:3)
  An Ice Fiend (Zot:3)
  9 tentacled monstrosities
  A walking crystal tome (Depths:3)
  7 liches
  A walking earthen tome (Depths:3)
  26 Orb Guardians
  Asterion (Depths:2)
  Mlioglotl (Spider:1)
  3 deep elf blademasters
  20 acid blobs
  2 quicksilver dragons
  4 titans (Vaults:5)
  A walking frostbound tome (Depths:4)
  9 tentacled starspawn (Abyss:3)
  An Executioner (Depths:3)
  4 sphinxes
  An ancient champion (Vaults:3)
  3 deep elf master archers (Elf:3)
  Frances (Spider:2)
  A walking divine tome (Depths:3)
  Polyphemus (Shoals:4)
  3 death cobs
  6 shadow dragons
  Ilsuiw (Shoals:3)
  4 draconian monks
  9 storm dragons
  5 tengu reavers
  A daeva (Abyss:3)
  15 azure jellies
  Aizul (Spider:3)
  7 deep elf sorcerers
  Roxanne (D:14)
  11 rockslimes
  7 fire giants
  12 frost giants
  4 ghost moths
  3 iron dragons
  Louise (Depths:2)
  A shard shrike simulacrum (Abyss:3)
  A draconian shifter (Zot:3)
  A draconian scorcher (Zot:5)
  17 vault wardens
  6 deep elf elementalists (Elf:3)
  4 spriggan defenders
  An angel (Zot:4)
  14 very ugly things
  A draconian annihilator (Zot:3)
  27 ironbound preservers
  3 orc warlords
  7 formless jellyfish
  A reaper (D:12)
  8 war gargoyles
  4 broodmothers
  8 quicksilver oozes
  11 stone giants
  5 vampire knights
  5 deep elf demonologists
  9 ironbound thunderhulks
  2 green draconians
  2 purple draconians
  8 red draconians
  4 white draconians
  3 yellow draconians
  3 black draconians
  33 starcursed masses
  7 spark wasps
  9 deep elf annihilators
  12 dire elephants
  A lorocyproca (Abyss:2)
  2 jiangshi (Abyss:3)
  An eidolon (Vaults:3)
  10 merfolk impalers
  3 deep elf death magi
  16 ettins
  A crystal guardian (Vaults:2)
  5 entropy weavers
  14 yaktaur captains
  7 merfolk javelineers
  10 fire dragons
  10 deep elf high priests
  14 great orbs of eyes
  Fannar (Lair:1)
  9 ice dragons
  5 rakshasas
  5 hydras
  A jorogumo (shapeshifter) (Vaults:5)
  5 ogre magi
  A merfolk avatar (Shoals:4)
  3 peacekeepers
  33 vault guards
  2 radroaches
  A death knight (Abyss:2)
  2 jorogumos
  2 catoblepae
  A hell beast (Gauntlet)
  12 ironbound frosthearts
  A spriggan air mage (Depths:1)
  An alligator snapping turtle (Shoals:4)
  5 merfolk aquamancers
  17 dancing weapons
  6 boulder beetles
  8 centaur warriors
  6 tengu warriors
  3 two-headed ogres
  3 hell hogs (Abyss:3)
  3 vampire magi
  A death scarab (Gauntlet)
  12 death yaks
  11 deep troll earth magi
  3 deep troll shamans
  A satyr (Shoals:2)
  11 spriggan berserkers
  6 orc high priests
  3 hell knights (Depths:2)
  16 thrashing horrors
  Urug (Orc:2)
  6 wretched stars
  9 deep elf knights
  A soul eater (Depths:2)
  A sun demon (Abyss:3)
  6 iron trolls
  4 skysharks
  5 sixfirhies
  A shadow wraith (Abyss:3)
  A goliath frog (Lair:5)
  A spatial maelstrom (Abyss:3)
  A shadow demon (Abyss:3)
  2 sun moths
  5 pharaoh ants
  10 sea snakes
  55 deep trolls
  13 phantasmal warriors
  6 glowing orange brains
  Pikel (D:9)
  4 steelbarb worms
  9 orb spiders
  21 ironbound convokers
  A bunyip skeleton (Abyss:3)
  19 deep elf archers
  5 wizards
  20 harpies
  4 flayed ghosts
  7 lindwurms
  A harpy (shapeshifter) (Depths:3)
  24 deep elf zephyrmancers
  4 necromancers
  8 orc knights
  11 fauns
  6 shining eyes
  17 wolf spiders
  23 deep elf pyromancers
  17 ugly things
  2 worldbinders
  14 elephants
  An oklob plant (Shoals:3)
  A salamander (Depths:1)
  12 moths of wrath
  11 manticores
  6 cyclopes
  9 merfolk sirens
  2 black mambas (shapeshifter)
  19 vault sentinels
  A rust devil (Abyss:3)
  A titan simulacrum (Vaults:4)
  A torpor snail (Spider:2)
  5 black mambas
  An apocalypse crab (Abyss:2)
  24 cane toads
  5 water nymphs
  2 orange demons
  9 demonic crawlers
  3 smoke demons
  5 rime drakes
  2 kobold demonologists
  27 yaktaurs
  9 komodo dragons
  An unseen horror (D:12)
  4 freezing wraiths
  3 gargoyles
  2 efreet
  A tormentor (Abyss:3)
  3 tengu conjurers
  A spark wasp simulacrum (Depths:2)
  8 ancient zymes
  3 meliai (Spider:1)
  A silent spectre (Abyss:2)
  A troll (shapeshifter) (Depths:3)
  A shadow dragon simulacrum (Vaults:4)
  2 trolls
  A tyrant leech (Lair:5)
  21 large abominations
  A tengu simulacrum (Depths:2)
  4 wind drakes
  8 hornets
  A polar bear (D:10)
  A hellwing (Depths:2)
  18 raiju
  27 tarantellas
  15 blink frogs
  30 merfolk
  A fire giant simulacrum (Vaults:4)
  A dream sheep (shapeshifter) (Elf:1)
  27 dream sheep
  11 snapping turtles
  Sigmund (D:2)
  78 slime creatures
  An iron dragon simulacrum (Depths:2)
  A jumping spider (shapeshifter) (Abyss:3)
  5 spriggans
  5 air elementals
  23 jumping spiders
  A spectral black mamba (Gauntlet)
  11 water elementals
  24 culicivoras
  A spriggan (shapeshifter) (D:13)
  A shadow (D:10)
  2 wraiths
  6 wyverns
  5 flying skulls (Abyss:3)
  A vampire (D:13)
  5 ynoxinuls
  2 basilisks
  45 yaks
  A fire elemental (Elf:3)
  5 fire bats (Abyss:3)
  9 golden eyes
  3 neqoxecs
  3 steam dragons
  10 chaos spawn
  2 elf skeletons (Vaults:4)
  57 redbacks
  9 vampire mosquitoes
  2 spatial vortices (Abyss:3)
  14 two-headed ogre zombies (D:9)
  An acid dragon (D:9)
  Duvessa (D:6)
  A glowing shapeshifter skeleton (Vaults:4)
  15 small abominations
  16 water moccasins
  10 wargs
  2 hell hounds
  2 human skeletons (Vaults:4)
  2 sky beasts
  A floating eye (Depths:3)
  12 orc warriors
  A swamp drake (Abyss:3)
  5 ice beasts
  19 wolves
  8 black bears
  5 ogres
  5 boggarts (Vaults:3)
  5 centaurs
  7 kobold brigands
  2 phantoms
  15 bullfrogs
  A glowing shapeshifter simulacrum (Depths:2)
  2 scorpions (D:5)
  5 earth elementals
  10 wights
  Dowan (D:6)
  4 killer bees (D:10)
  2 howler monkeys
  5 electric eels
  A crimson imp (Abyss:3)
  A hound (D:7)
  2 quasits
  An iron imp (Abyss:3)
  36 orc priests
  2 gnoll boudas
  17 orc wizards
  Natasha (twice) (D:3)
  2 iguanas (D:6)
  An ogre zombie (D:9)
  7 gnolls (D:4)
  12 adders
  5 river rats (Sewer)
  A shadow imp (Gauntlet)
  4 white imps
  5 ufetubi (Abyss:3)
  A dart slug (D:2)
  64 orcs
  5 endoplasms
  2 giant cockroaches
  2 goblins
  12 hobgoblins
  11 jackals
  2 quokkas
  3 training dummies (Shoals:2)
  5 ball pythons
  4 bats
  5 frilled lizards
  18 kobolds
  5 rats
  A butterfly (D:3)
  A lurking horror (Abyss:3)
  9 starspawn tentacles (Abyss:3)
2187 creatures vanquished.

Vanquished Creatures (others)
  A deep elf pyromancer (Elf:1)
  A spark wasp simulacrum (Depths:2)
  A large abomination (Abyss:2)
  A small abomination (Abyss:3)
  A lurking horror (Abyss:3)
  8 spectral weapons
  11 starspawn tentacles (Abyss:3)
24 creatures vanquished.

Grand Total: 2211 creatures vanquished

Notes
Turn   | Place    | Note
-------+----------+-------------------------------------------
     0 | D:1      | KimchiStew the Human Ice Elementalist began the quest for
                  | the Orb.
     0 | D:1      | Reached XP level 1. HP: 13/13 MP: 3/3
   181 | D:1      | Reached XP level 2. HP: 14/19 MP: 5/5
  1129 | D:2      | Reached XP level 3. HP: 16/24 MP: 2/6
  1221 | D:2      | Learned a level 3 spell: Frozen Ramparts
  1310 | D:2      | Noticed Sigmund
  1543 | D:2      | Learned a level 3 spell: Ozocubu's Armour
  1703 | D:2      | Reached XP level 4. HP: 30/30 MP: 5/7
  1911 | D:2      | Killed Sigmund
  1912 | D:2      | Reached skill level 1 in Fighting
  1912 | D:2      | Reached skill level 5 in Ice Magic
  1912 | D:2      | Reached XP level 5. HP: 36/37 MP: 0/10
  1912 | D:2      | Reached XP level 6. HP: 42/43 MP: 0/11
  2505 | D:3      | Identified the +9 dagger of Trog's Reproof {heavy, rF+
                  | Will+}
  2670 | D:3      | Noticed Natasha
  2675 | D:3      | Killed Natasha
  2676 | D:3      | Reached skill level 1 in Long Blades
  2934 | D:3      | Learned a level 2 spell: Blink
  3006 | D:3      | Noticed Natasha
  3426 | D:4      | Noticed a black bear
  3432 | D:4      | Killed a black bear
  3433 | D:4      | Reached skill level 2 in Long Blades
  3433 | D:4      | Reached XP level 7. HP: 46/48 MP: 4/13
  3568 | D:4      | Got the Omnibus of Feathers
  3634 | D:4      | Found a glowing drain.
  3639 | Sewer    | Entered a sewer
  3656 | Sewer    | Reached skill level 3 in Long Blades
  4520 | D:4      | Reached XP level 8. HP: 57/57 MP: 11/14
  4640 | D:4      | Reached skill level 4 in Long Blades
  4910 | D:5      | Entered Level 5 of the Dungeon
  5358 | D:5      | Reached skill level 5 in Long Blades
  6246 | D:5      | Found a burning altar of Makhleb.
  6607 | D:6      | Reached skill level 6 in Long Blades
  6607 | D:6      | Reached XP level 9. HP: 52/65 MP: 12/15
  7053 | D:6      | Noticed Duvessa
  7066 | D:6      | Reached skill level 7 in Long Blades
  7066 | D:6      | Noticed Dowan
  7068 | D:6      | Killed Duvessa
  7079 | D:6      | Killed Dowan
  7289 | D:6      | Found a shimmering altar of Xom.
  7302 | D:6      | Found a sacrificial altar of Ru.
  7936 | D:7      | Found a bloodstained altar of Trog.
  7937 | D:7      | Found an iron altar of Okawaru.
  7939 | D:7      | Found an ornate altar of the Wu Jian Council.
  7961 | D:7      | Became a worshipper of Warmaster Okawaru
  8362 | D:7      | Found a staircase to the Ecumenical Temple.
  8421 | Temple   | Entered the Ecumenical Temple
  8445 | D:7      | Reached skill level 8 in Long Blades
  8716 | D:7      | Reached * piety under Okawaru
  8811 | D:7      | Reached skill level 9 in Long Blades
  8889 | D:7      | Reached XP level 10. HP: 50/71 MP: 16/16
  9380 | D:8      | Learned a level 4 spell: Manifold Assault
  9405 | D:8      | Reached ** piety under Okawaru
  9406 | D:8      | Reached skill level 10 in Long Blades
  9651 | D:8      | Found Yteetocw's Jewellery Shop.
  9657 | D:8      | Bought a ring of poison resistance for 220 gold pieces
  9686 | D:8      | Reached skill level 1 in Translocations
  9831 | D:8      | Reached skill level 5 in Fighting
 10479 | D:9      | Noticed Pikel
 10492 | D:9      | Killed Pikel
 10492 | D:9      | Reached *** piety under Okawaru
 10493 | D:9      | Reached skill level 5 in Spellcasting
 10647 | D:9      | Noticed a two-headed ogre
 10665 | D:9      | Killed a two-headed ogre
 10680 | D:9      | Reached XP level 11. HP: 83/83 MP: 14/19
 11261 | D:9      | Reached **** piety under Okawaru
 11944 | D:9      | Noticed an ogre mage
 11990 | D:9      | Killed an ogre mage
 11991 | D:9      | Reached skill level 5 in Translocations
 12006 | D:9      | Reached ***** piety under Okawaru
 12204 | D:10     | Entered Level 10 of the Dungeon
 12756 | D:10     | Found a staircase to the Lair.
 12912 | D:10     | Identified the +1 hat "Inlenoet" {Drain rF+ Int+3 Dex+2}
                  | (Okawaru gifted it to you on level 10 of the Dungeon)
 12912 | D:10     | Received a gift from Okawaru
 13081 | D:10     | Identified the +9 quarterstaff "Pendulum" {drain, rElec rC+
                  | rN+ Dex+6}
 13723 | D:11     | Noticed a manticore
 13733 | D:11     | Killed a manticore
 13906 | D:11     | Found Faritugi's Weapon Emporium.
 13914 | D:11     | Bought 2 boomerangs for 48 gold pieces
 13945 | D:11     | Reached XP level 12. HP: 83/97 MP: 12/22
 14337 | D:11     | Noticed a frost giant
 14337 | D:11     | Noticed a yaktaur captain
 14337 | D:11     | Noticed a centaur warrior
 14576 | D:11     | Reached skill level 10 in Fighting
 15130 | Lair:1   | Entered Level 1 of the Lair of Beasts
 15322 | Lair:1   | Noticed a death yak
 15435 | Lair:1   | Noticed Fannar
 15785 | Lair:1   | Noticed a death yak
 15786 | Lair:1   | Noticed a death yak
 15791 | Lair:1   | Noticed a death yak
 15927 | Lair:1   | Noticed a death yak
 15966 | Lair:1   | Found a runed translucent gate.
 15966 | Lair:1   | Found a runed translucent gate.
 15966 | Lair:1   | Found a runed translucent gate.
 15974 | Lair:1   | Noticed Pag Assur's ghost (journeyman VSBr)
 16654 | Lair:1   | Killed a death yak
 16654 | Lair:1   | Reached ****** piety under Okawaru
 16661 | Lair:1   | Killed a death yak
 16661 | Lair:1   | Identified the +1 pair of gloves "Qaozuk" {rPois rN++ Dex-4
                  | SInv} (Okawaru gifted it to you on level 1 of the Lair of
                  | Beasts)
 16661 | Lair:1   | Received a gift from Okawaru
 16817 | Lair:1   | Killed a death yak
 17099 | Lair:1   | Killed a death yak
 17100 | Lair:1   | Reached skill level 10 in Translocations
 17100 | Lair:1   | Reached skill level 1 in Armour
 17189 | Lair:1   | Killed a death yak
 17190 | Lair:1   | Reached XP level 13. HP: 97/103 MP: 19/25
 17290 | Lair:1   | Identified the +2 plate armour "Sevuyph" {*Corrode rF+
                  | Int+2 Slay+3}
 17325 | Lair:1   | Killed Fannar
 17610 | Lair:1   | Learned a level 4 spell: Iskenderun's Mystic Blast
 17617 | Lair:1   | Learned a level 6 spell: Dispersal
 18426 | Lair:2   | Found an ornate altar of the Wu Jian Council.
 18451 | Lair:2   | Reached skill level 5 in Armour
 18506 | Lair:2   | Found a hide-covered altar of Uskayaw.
 19039 | Lair:2   | Found a hole to the Spider Nest.
 19264 | Lair:3   | Reached skill level 5 in Dodging
 19481 | Lair:3   | Found a staircase to the Shoals.
 19544 | Lair:3   | Found a gate leading to a gauntlet.
 19562 | Gauntlet | Entered a Gauntlet
 19562 | Gauntlet | Found a transporter.
 19608 | Gauntlet | Found a transporter.
 19611 | Gauntlet | Found a transporter.
 19619 | Gauntlet | Found a transporter.
 19622 | Gauntlet | Found a transporter.
 19628 | Gauntlet | Noticed a hell beast
 19630 | Gauntlet | Found a transporter.
 19630 | Gauntlet | Noticed a balrug
 19639 | Gauntlet | Found a transporter.
 19656 | Gauntlet | Found a transporter.
 19659 | Gauntlet | Found a transporter.
 19670 | Gauntlet | Found a transporter.
 19672 | Gauntlet | Found a transporter.
 19683 | Gauntlet | Found a transporter.
 20009 | Gauntlet | Killed a hell beast
 20009 | Gauntlet | Received a gift from Okawaru
 20251 | Gauntlet | Identified the ring of Happiness {Wiz Slay+5}
 20278 | Gauntlet | Identified the +11 morningstar "Soamm" {antimagic, rPois}
 20278 | Gauntlet | Noticed a minotaur
 20763 | Lair:3   | Noticed a six-headed hydra
 20769 | Lair:3   | Killed a three-headed hydra
 21342 | Lair:4   | Received a gift from Okawaru
 21362 | Lair:4   | Reached XP level 14. HP: 82/110 MP: 3/26
 22079 | Lair:4   | Reached skill level 10 in Armour
 22254 | Lair:4   | Received a gift from Okawaru
 22677 | Lair:4   | Identified the ring of Iletz {rC- rCorr Int+3 Slay+4
                  | Stlth+}
 23029 | Lair:4   | Found a staircase to the Slime Pits.
 23131 | Lair:5   | Entered Level 5 of the Lair of Beasts
 23860 | Lair:5   | Identified the +1 eveningstar of Heluadis {speed, rN+ Str+4
                  | Stlth+} (Okawaru gifted it to you on level 5 of the Lair of
                  | Beasts)
 23860 | Lair:5   | Received a gift from Okawaru
 24118 | Lair:5   | Reached skill level 11 in Long Blades
 24753 | Lair:5   | Identified the +12 quick blade "Kaivejell" {heavy, Stlth+}
                  | (Okawaru gifted it to you on level 5 of the Lair of Beasts)
 24753 | Lair:5   | Received a gift from Okawaru
 24960 | Lair:5   | Reached XP level 15. HP: 86/117 MP: 8/27
 24994 | Lair:5   | Reached skill level 10 in Dodging
 25769 | Lair:5   | Reached skill level 12 in Long Blades
 26082 | Lair:5   | Found the +7 captain's cutlass {speed, disarm}
 26096 | Lair:5   | Identified the +5 ring mail of the Lost Path {Harm Int+3}
 26451 | D:11     | Killed a frost giant
 27000 | D:11     | Identified the ring "Wudas" {Fire Will+}
 27491 | D:12     | Found a staircase to the Orcish Mines.
 27753 | D:12     | Received a gift from Okawaru
 28283 | D:12     | Found Gueluim's Distillery.
 28292 | D:12     | Bought a potion of heal wounds for 75 gold pieces
 28292 | D:12     | Bought a potion of heal wounds for 75 gold pieces
 28292 | D:12     | Bought a potion of resistance for 150 gold pieces
 28292 | D:12     | Bought a potion of invisibility for 120 gold pieces
 28292 | D:12     | Bought a potion of cancellation for 120 gold pieces
 28499 | D:12     | Found Buasso's Distillery.
 28986 | Orc:1    | Entered Level 1 of the Orcish Mines
 29169 | Orc:2    | Entered Level 2 of the Orcish Mines
 29188 | Orc:2    | Reached skill level 1 in Invocations
 29191 | Orc:2    | Reached skill level 1 in Throwing
 29192 | Orc:2    | Reached skill level 1 in Evocations
 29330 | Orc:2    | Found Gegg's General Store.
 29330 | Orc:2    | Found Arril's Antique Weapon Shoppe.
 29385 | Orc:2    | Found Ymuklas's Armour Shoppe.
 29388 | Orc:2    | Found Tioh's Book Shop.
 29398 | Orc:2    | Received a gift from Okawaru
 29738 | Orc:2    | Found a shimmering blue altar of Sif Muna.
 29742 | Orc:2    | Reached skill level 13 in Long Blades
 29970 | Orc:2    | Noticed Urug
 29979 | Orc:2    | Killed Urug
 30136 | Orc:2    | Found a staircase to the Elven Halls.
 30228 | Orc:2    | Found Xunoomn's Jewellery Emporium.
 31325 | D:13     | Found a gate to the Vaults.
 31863 | D:13     | Received a gift from Okawaru
 32218 | D:13     | Found a runed translucent door.
 32451 | D:14     | Identified Roxanne's Codex of the Fjord
 32451 | D:14     | Noticed Roxanne
 32965 | D:14     | Killed Roxanne
 32966 | D:14     | Reached XP level 16. HP: 127/127 MP: 3/28
 33431 | D:14     | Learned a level 6 spell: Statue Form
 34570 | D:15     | Entered Level 15 of the Dungeon
 34631 | Abyss:2  | Cast into level 2 of the Abyss (a wizard)
 34644 | D:15     | Escaped the Abyss
 35330 | D:15     | Found a staircase to the Depths.
 35578 | D:15     | Received a gift from Okawaru
 36316 | Spider:1 | Entered Level 1 of the Spider Nest
 37335 | Spider:1 | Reached skill level 5 in Invocations
 37498 | Spider:1 | Reached skill level 5 in Throwing
 37517 | Spider:1 | Reached skill level 5 in Evocations
 37604 | Spider:1 | Received a gift from Okawaru
 38388 | D:12     | Bought 2 potions of curing for 90 gold pieces
 38388 | D:12     | Bought a potion of brilliance for 60 gold pieces
 38437 | D:12     | Bought a potion of curing for 42 gold pieces
 38437 | D:12     | Bought a potion of curing for 42 gold pieces
 38437 | D:12     | Bought a potion of curing for 42 gold pieces
 38898 | Spider:2 | Noticed Mlioglotl
 38908 | Spider:1 | Killed Mlioglotl
 38918 | Spider:2 | Noticed Frances
 38932 | Spider:2 | Killed Frances
 39243 | Spider:2 | Received a gift from Okawaru
 39887 | Spider:2 | Paralysed by a jorogumo for 2 turns
 40090 | Spider:2 | Found a runed translucent gate.
 40090 | Spider:2 | Found a runed translucent gate.
 40090 | Spider:2 | Found a runed translucent gate.
 40090 | Spider:2 | Noticed Ysufeth's ghost (adept MiFi)
 40091 | Spider:2 | Noticed Xaebebb's ghost (adept DrCj)
 40091 | Spider:2 | Noticed Duhoah Foli's ghost (adept AtWn)
 40091 | Spider:2 | Noticed Cosiarut's ghost (journeyman FeSu)
 40091 | Spider:2 | Noticed Nacwyfagh's ghost (adept MiFi)
 40345 | Spider:3 | Reached XP level 17. HP: 65/133 MP: 2/29
 40500 | Shoals:1 | Entered Level 1 of the Shoals
 40526 | Shoals:1 | Found Hobes's Armour Boutique.
 41093 | Shoals:1 | Reached skill level 10 in Invocations
 41269 | Shoals:1 | Reached skill level 14 in Long Blades
 41270 | Shoals:1 | Received a gift from Okawaru
 41779 | Shoals:1 | Received a gift from Okawaru
 41924 | Shoals:2 | Reached skill level 15 in Long Blades
 42118 | Shoals:2 | Learned a level 1 spell: Apportation
 42121 | Shoals:2 | Learned a level 2 spell: Lesser Beckoning
 42351 | Shoals:2 | Found Luet's Firing Range.
 42418 | Shoals:3 | Noticed Ilsuiw
 42440 | Shoals:3 | Killed Ilsuiw
 42453 | Shoals:3 | Received a gift from Okawaru
 42622 | Shoals:3 | Found an ornate altar of the Wu Jian Council.
 42738 | Shoals:3 | Noticed Nikola
 42765 | Shoals:3 | Killed Nikola
 42766 | Shoals:3 | Reached skill level 16 in Long Blades
 43103 | Shoals:4 | Entered Level 4 of the Shoals
 43103 | Shoals:4 | Found Pecic's Jewellery Emporium.
 43367 | Shoals:4 | Reached XP level 18. HP: 114/141 MP: 30/30
 43406 | Shoals:4 | Got a barnacled rune of Zot
 43538 | Shoals:4 | Identified the staff of death "Miraraot" {rN+ Will+ Int+7}
 43863 | Shoals:4 | Noticed Polyphemus
 43867 | Shoals:4 | Reached skill level 17 in Long Blades
 43909 | Shoals:4 | Noticed Mara
 44182 | Spider:3 | Received a gift from Okawaru
 44534 | Spider:3 | Noticed Aizul
 44568 | Spider:3 | Killed Aizul
 44677 | Spider:3 | Received a gift from Okawaru
 44923 | Spider:3 | Noticed Arachne
 45264 | Spider:4 | Entered Level 4 of the Spider Nest
 45507 | Spider:3 | Killed Arachne
 45965 | Spider:4 | Reached skill level 18 in Long Blades
 46986 | Spider:4 | Received a gift from Okawaru
 47334 | Spider:4 | Reached XP level 19. HP: 90/152 MP: 3/31
 47434 | Spider:4 | Got a gossamer rune of Zot
 47920 | Vaults:1 | Entered Level 1 of the Vaults
 47930 | Vaults:1 | Paralysed by a great orb of eyes for 4 turns
 48013 | Vaults:1 | Noticed a lich
 48024 | Vaults:1 | Killed a lich
 48082 | Vaults:1 | Reached skill level 19 in Long Blades
 48109 | Vaults:1 | Found a flickering gateway to a bazaar.
 48118 | Bazaar   | Entered a bazaar
 48118 | Bazaar   | Found Bagig's Antique Armour Shop.
 48155 | Bazaar   | Found Kuentoer's Armour Emporium.
 48161 | Bazaar   | Found Qaecon's Antique Weapon Boutique.
 48170 | Bazaar   | Found Qiror's General Store.
 48179 | Bazaar   | Bought 2 potions of curing for 48 gold pieces
 48179 | Bazaar   | Bought a potion of curing for 24 gold pieces
 48179 | Bazaar   | Bought a scroll of teleportation for 24 gold pieces
 48307 | Vaults:1 | Received a gift from Okawaru
 48941 | Vaults:1 | Received a gift from Okawaru
 49202 | Vaults:1 | Paralysed by an ogre mage for 2 turns
 49371 | Vaults:1 | Identified the +0 pair of gloves of the Will of the Gods
                  | {+Inv rF+} (Okawaru gifted it to you on level 1 of the
                  | Vaults)
 49371 | Vaults:1 | Received a gift from Okawaru
 49589 | Vaults:1 | Reached skill level 20 in Long Blades
 49609 | Vaults:1 | Reached skill level 15 in Fighting
 50606 | Elf:1    | Entered Level 1 of the Elven Halls
 50714 | Elf:1    | Found a huge runed translucent gate.
 50715 | Elf:1    | Found a huge runed translucent gate.
 50715 | Elf:1    | Found a huge runed translucent gate.
 50739 | Elf:1    | Found a huge runed translucent gate.
 50740 | Elf:1    | Found a huge runed translucent gate.
 50740 | Elf:1    | Found a huge runed translucent gate.
 50740 | Elf:1    | Found a huge runed translucent gate.
 50741 | Elf:1    | Found a huge runed translucent gate.
 50871 | Elf:1    | Reached XP level 20. HP: 162/162 MP: 27/32
 50877 | Elf:1    | Paralysed by an air elemental for 1 turns
 51178 | Elf:1    | Reached skill level 21 in Long Blades
 51341 | Elf:1    | Found Deym Jiawe's Weapon Shop.
 51346 | Elf:1    | Paralysed by an air elemental for 1 turns
 51437 | Elf:1    | Received a gift from Okawaru
 51618 | Elf:1    | Paralysed by an air elemental for 1 turns
 51907 | Elf:1    | Reached skill level 1 in Transmutations
 51907 | Elf:1    | Reached skill level 1 in Earth Magic
 52005 | Elf:1    | Identified the +9 glaive of Woe {pain, rPois rCorr Dex+2}
 52159 | Elf:1    | Identified the +1 double sword of the Thirteen Dances
                  | {freeze, *Corrode rPois Stlth+}
 52601 | Elf:1    | Found Deym Jiawe's Weapon Shop.
 53149 | Elf:2    | Identified the +4 leather armour of Fun and Games {rF+}
 53305 | Elf:2    | Found a radiant altar of Vehumet.
 53391 | Elf:2    | Paralysed by an air elemental for 1 turns
 53409 | Elf:2    | Received a gift from Okawaru
 53409 | Elf:2    | Found the +3 pair of gauntlets of War {Slay+5}
 53577 | Elf:2    | Found a runed translucent gate.
 53577 | Elf:2    | Found a runed translucent gate.
 53577 | Elf:2    | Found a runed translucent gate.
 53758 | Elf:2    | Found Taiko's Jewellery Shop.
 53761 | Elf:2    | Bought the ring "Taluupah" {rN+ Will+} for 398 gold pieces
 53862 | Elf:3    | Entered Level 3 of the Elven Halls
 54502 | Elf:3    | Reached skill level 22 in Long Blades
 54512 | Elf:3    | Noticed Bai Suzhen
 54595 | Elf:3    | Paralysed by an air elemental for 1 turns
 54597 | Elf:3    | Paralysed by an air elemental for 1 turns
 54617 | Elf:3    | Reached skill level 5 in Transmutations
 54617 | Elf:3    | Reached skill level 5 in Earth Magic
 54633 | Elf:3    | Identified the +9 spear of Mastery {freeze, rN+}
 54633 | Elf:3    | Identified the ring "Ycefonid" {Wiz Int+3}
 54743 | Elf:3    | Reached XP level 21. HP: 129/168 MP: 4/33
 54977 | Elf:3    | Identified the +6 quarterstaff of the Undead {flame, rN+
                  | Int-3 Dex+7 Stlth+}
 55110 | Elf:3    | Identified the +0 cloak "Teuts" {Str-3 Int+6} (Okawaru
                  | gifted it to you on level 3 of the Elven Halls)
 55110 | Elf:3    | Received a gift from Okawaru
 55111 | Elf:3    | Identified the +1 halberd "Qomef" {drain, Contam rElec
                  | Str+2 Dex+4}
 55253 | Elf:3    | Identified the ring of Joquibe {rPois Int+6 Dex+4}
 55257 | Elf:3    | Identified the amulet "Sauzatus" {Reflect Rampage rC+ Str-5
                  | SH+5}
 55292 | Elf:3    | Killed Bai Suzhen
 55377 | Elf:3    | Identified the staff of death "Gaihiciczu" {rN+ rCorr}
 55491 | Elf:3    | Got the Writings on Bedrock
 55496 | Elf:3    | Identified the +1 helmet of Going Fast {rC+ Dex+4}
 55892 | Depths:1 | Entered Level 1 of the Depths
 56094 | Depths:1 | You fall into a shaft and drop 1 floor!
 56094 | Depths:2 | Noticed Louise
 56094 | Depths:2 | Found a one-way gate to the infinite horrors of the Abyss.
 56095 | Depths:2 | Noticed Asterion
 56193 | Depths:2 | Found a gateway to Hell.
 56633 | Depths:1 | Noticed the Enchantress
 56643 | Depths:1 | Killed the Enchantress
 57002 | Depths:1 | Noticed a golden dragon
 57005 | Arena    | Entered the Arena
 57012 | Arena    | Killed a golden dragon
 57281 | Depths:1 | Received a gift from Okawaru
 57965 | Depths:2 | Found a one-way gateway to a ziggurat.
 58122 | Depths:2 | Reached skill level 10 in Transmutations
 58122 | Depths:2 | Reached skill level 10 in Earth Magic
 58123 | Depths:2 | Identified the ring "Seqeuf Wewu" {Ice rN+ rCorr Str-5}
 58123 | Depths:2 | Noticed Josephina
 58198 | Depths:2 | Identified a scroll of acquirement
 58198 | Depths:2 | Acquired 1189 gold pieces
 58283 | Depths:2 | Reached XP level 22. HP: 156/175 MP: 27/34
 58500 | Depths:2 | Killed Josephina
 58604 | Depths:2 | Killed Louise
 58663 | Depths:2 | Killed Asterion
 58663 | Depths:2 | Received a gift from Okawaru
 59651 | Depths:3 | Received a gift from Okawaru
 59730 | Depths:3 | Noticed a golden dragon
 59749 | Depths:3 | Killed a golden dragon
 59877 | Depths:3 | Found Pyallan's Book Emporium.
 59878 | Depths:3 | Found Quyn's Jewellery Boutique.
 59879 | Depths:3 | Found Voliotam's Book Emporium.
 59889 | Depths:3 | Bought a manual of Transmutations for 1760 gold pieces
 59893 | Depths:3 | Bought a book of Alchemy for 616 gold pieces
 59899 | Depths:3 | Learned a level 5 spell: Irradiate
 60056 | Depths:3 | Identified the +9 scimitar "Geyl" {freeze, rN+ rCorr Int+4}
                  | (Okawaru gifted it to you on level 3 of the Depths)
 60056 | Depths:3 | Received a gift from Okawaru
 60111 | Depths:3 | Reached skill level 1 in Conjurations
 60365 | Depths:3 | Identified the staff of earth "Ihosiys" {+Blink rF- rN+}
 60385 | Depths:3 | Identified the +8 hand axe of Yesterday {speed, Str+3
                  | Dex+3}
 60555 | Depths:3 | Identified the +0 robe of Fabulous Intercession {Rampage}
 60832 | Depths:3 | Received a gift from Okawaru
 61496 | Vaults:2 | Identified the +10 short sword "Icirad" {venom, Int+4}
 61595 | Vaults:2 | Reached skill level 5 in Conjurations
 61636 | Vaults:2 | Paralysed by a sphinx for 4 turns
 61836 | Vaults:2 | Reached XP level 23. HP: 181/181 MP: 27/35
 61931 | Vaults:2 | Identified the +0 pearl dragon scales of Conscience {rPois
                  | rF++ rN+} (Okawaru gifted it to you on level 2 of the
                  | Vaults)
 61931 | Vaults:2 | Received a gift from Okawaru
 61934 | Arena    | Entered the Arena
 61962 | Vaults:2 | Found Faepnuj's Magic Scroll Shoppe.
 62059 | Vaults:2 | Bought a scroll of magic mapping for 150 gold pieces
 62059 | Vaults:2 | Bought a scroll of magic mapping for 150 gold pieces
 62193 | Vaults:2 | Found a runed translucent gate.
 62193 | Vaults:2 | Found a runed translucent gate.
 62193 | Vaults:2 | Found a runed translucent gate.
 62193 | Vaults:2 | Noticed Dyrphilu's ghost (adept GnMo)
 62519 | Vaults:2 | Killed Dyrphilu's ghost
 62544 | Vaults:2 | Identified the +5 quarterstaff of Darkness {freeze, Fly
                  | MP+9}
 63024 | Vaults:3 | Noticed Sojobo
 63292 | Vaults:3 | Killed Sojobo
 63393 | Vaults:3 | Found a staircase to the Crypt.
 63433 | Vaults:3 | Paralysed by a formless jellyfish for 1 turns
 63797 | Vaults:3 | Found Neeggem's Assorted Antiques.
 63803 | Vaults:3 | Bought a potion of curing for 105 gold pieces
 63854 | Vaults:3 | Identified the +1 helmet of Hudosus {rPois rF- Regen+
                  | Slay+2}
 63892 | Vaults:3 | Received a gift from Okawaru
 64346 | Vaults:3 | You fall into a shaft and drop 1 floor!
 64581 | Vaults:4 | Reached XP level 24. HP: 188/188 MP: 35/35
 65042 | Vaults:4 | Received a gift from Okawaru
 66071 | Depths:4 | Entered Level 4 of the Depths
 66071 | Depths:4 | Noticed Jory
 66083 | Depths:4 | Killed Jory
 66693 | Shoals:4 | Identified the +6 orcbow "Jellyslayer" {drain, rElec rCorr
                  | MP-9 Int+3}
 67074 | Shoals:4 | Killed Mara
 67111 | Shoals:4 | Killed Polyphemus
 67302 | Shoals:4 | Identified the staff of death "Ceaph" {rN+ MP-9 Str+5 Int+9
                  | Dex-4}
 67783 | Depths:4 | Reached skill level 10 in Conjurations
 67951 | Depths:4 | Found a gate to the Realm of Zot.
 67961 | Depths:4 | Received a gift from Okawaru
 67966 | Depths:4 | Reached skill level 15 in Invocations
 69337 | Slime:1  | Entered Level 1 of the Pits of Slime
 69489 | Slime:3  | Received a gift from Okawaru
 69493 | Slime:3  | Reached XP level 25. HP: 137/195 MP: 8/35
 69622 | Slime:3  | Received a gift from Okawaru
 69753 | Slime:4  | Paralysed by a great orb of eyes for 3 turns
 69810 | Slime:4  | Gained mutation: You occasionally lose the ability to read
                  | scrolls when taking damage. [a shining eye]
 70038 | Slime:4  | Lost mutation: You occasionally lose the ability to read
                  | scrolls when taking damage. [potion of mutation]
 70038 | Slime:4  | Gained mutation: You are partially covered in iridescent
                  | scales. (AC +2) [potion of mutation]
 70038 | Slime:4  | Gained mutation: Your spells are a little easier to cast,
                  | but a little less powerful. [potion of mutation]
 70038 | Slime:4  | Gained mutation: You are strong-willed. (Will+) [potion of
                  | mutation]
 70043 | Slime:5  | Entered Level 5 of the Pits of Slime
 70295 | Slime:4  | Received a gift from Okawaru
 70312 | Slime:5  | Noticed the Royal Jelly
 70545 | Slime:5  | Found a viscous altar of Jiyva.
 70547 | Slime:5  | Found the +10 dark maul {heavy}
 70548 | Slime:5  | Found the ring of the Tortoise {AC+8}
 70824 | Slime:5  | Killed the Royal Jelly
 71012 | Slime:5  | Identified the +3 dagger "Resyk" {freeze, rPois Will+}
 71050 | Slime:5  | Identified the +0 hat of Terror {Str+3}
 71069 | Slime:5  | Got a slimy rune of Zot
 71451 | Vaults:5 | Entered Level 5 of the Vaults
 71459 | Vaults:5 | Received a gift from Okawaru
 71564 | Vaults:5 | Got a silver rune of Zot
 71659 | Vaults:5 | Identified the staff of poison "Buosiuz" {rPois rF- Int+4
                  | Dex+3}
 71661 | Vaults:5 | Reached skill level 15 in Dodging
 71688 | Vaults:5 | Received a gift from Okawaru
 72079 | Vaults:5 | Noticed a dread lich
 72081 | Vaults:5 | Reached XP level 26. HP: 166/207 MP: 20/35
 72094 | Vaults:5 | Killed a dread lich
 72417 | Vaults:5 | Identified the ring of Vinig {rC+ Str+2}
 72585 | Vaults:5 | Got the Book of Changing and Bodies
 72734 | Vaults:5 | Identified the +1 buckler "Ahulidux" {-Tele +Inv Slay+3}
                  | (Okawaru gifted it to you on level 5 of the Vaults)
 72734 | Vaults:5 | Received a gift from Okawaru
 72779 | Vaults:5 | Identified the ring of Canki {Fly Str+3}
 73128 | Vaults:5 | Noticed an ancient lich
 73135 | Vaults:5 | Killed an ancient lich
 73248 | Vaults:5 | Acquired the +1 cloak of Slovenliness {Will+ Int+2}
 73472 | Vaults:5 | Identified the +7 scimitar "Muenur" {heavy, Drain Str+2
                  | Stlth+}
 73548 | Vaults:5 | Identified the +6 chain mail of the Charming Gods {rC+++
                  | Str-5 Int-2 Dex+5}
 73549 | Vaults:5 | Identified the +0 chain mail "Xaitiusi" {+Blink rPois
                  | Regen+ Stlth+}
 73856 | Depths:3 | Voluntarily entered the Abyss.
 74480 | Abyss:3  | Reached skill level 10 in Throwing
 74805 | Abyss:3  | Found a corrupted altar of Lugonu.
 75431 | Abyss:3  | Reached skill level 10 in Spellcasting
 75431 | Abyss:3  | Reached XP level 27. HP: 178/216 MP: 21/37
 75450 | Abyss:3  | Learned a level 2 spell: Passwall
 75560 | Depths:3 | Escaped the Abyss
 75637 | Depths:3 | Voluntarily entered the Abyss.
 75637 | Abyss:3  | Found a corrupted altar of Lugonu.
 75839 | Abyss:3  | Received a gift from Okawaru
 75962 | Depths:3 | Escaped the Abyss
 76019 | Depths:3 | Voluntarily entered the Abyss.
 76019 | Abyss:3  | Found a corrupted altar of Lugonu.
 76250 | Abyss:3  | Noticed an ancient lich
 76257 | Abyss:3  | Killed an ancient lich
 76258 | Abyss:3  | Noticed an ancient lich
 76265 | Abyss:3  | Killed an ancient lich
 76268 | Abyss:3  | Got an abyssal rune of Zot
 76332 | Depths:3 | Escaped the Abyss
 76494 | Zot:1    | Entered Level 1 of the Realm of Zot
 76678 | Zot:1    | Identified the +1 robe "Bienk" {+Blink MP+9} (Okawaru
                  | gifted it to you on level 1 of the Realm of Zot)
 76678 | Zot:1    | Received a gift from Okawaru
 76983 | Zot:5    | Entered Level 5 of the Realm of Zot
 79376 | D:8      | Identified the +8 plate armour "Inallica" {rN+ Str+5}
 79660 | Vaults:3 | Bought a scroll of acquirement for 1820 gold pieces
 79660 | Vaults:3 | Acquired 526 gold pieces
 80484 | Zot:5    | Noticed an orb of fire
 80484 | Zot:5    | Noticed a Killer Klown
 80484 | Zot:5    | Noticed an ancient lich
 80484 | Zot:5    | Noticed an orb of fire
 80485 | Zot:5    | Noticed an orb of fire
 80491 | Zot:5    | Noticed an orb of fire
 80492 | Zot:5    | Noticed an orb of fire
 80495 | Zot:5    | Noticed an orb of fire
 80496 | Zot:5    | Gained mutation: You occasionally lose the ability to read
                  | scrolls when taking damage. [an orb of fire]
 80497 | Zot:5    | Noticed a Killer Klown
 80497 | Zot:5    | Noticed an ancient lich
 80497 | Zot:5    | Gained mutation: Your muscles are strong. (Str +4, Int/Dex
                  | -1) [an orb of fire]
 80499 | Zot:5    | Noticed an orb of fire
 80501 | Zot:5    | Killed an orb of fire
 80503 | Zot:5    | Killed an orb of fire
 80629 | Zot:5    | Lost mutation: Your muscles are strong. (Str +4, Int/Dex
                  | -1) [potion of mutation]
 80629 | Zot:5    | Lost mutation: Your spells are a little easier to cast, but
                  | a little less powerful. [potion of mutation]
 80629 | Zot:5    | Lost mutation: You occasionally lose the ability to read
                  | scrolls when taking damage. [potion of mutation]
 80629 | Zot:5    | Gained mutation: You are weak. (Str -2) [potion of
                  | mutation]
 80629 | Zot:5    | Gained mutation: You possess an exceptional clarity of
                  | mind. [potion of mutation]
 80775 | Zot:5    | Gained mutation: You occasionally lose the ability to read
                  | scrolls when taking damage. [an orb of fire]
 80784 | Zot:5    | Gained mutation: You are very weak. (Str -4) [an orb of
                  | fire]
 80788 | Zot:5    | Killed an orb of fire
 80788 | Zot:5    | Received a gift from Okawaru
 80855 | Zot:5    | Noticed an ancient lich
 80879 | Zot:5    | Killed an ancient lich
 81199 | Zot:5    | Killed an orb of fire
 81348 | Zot:5    | Gained mutation: Your body sometimes deteriorates upon
                  | taking damage. [an orb of fire]
 81353 | Zot:5    | Lost mutation: You possess an exceptional clarity of mind.
                  | [an orb of fire]
 81363 | Zot:5    | Gained mutation: You are vulnerable to heat. (rF-) [an orb
                  | of fire]
 81372 | Zot:5    | Killed an orb of fire
 81520 | Zot:5    | Noticed an orb of fire
 81521 | Zot:5    | Lost mutation: You are vulnerable to heat. (rF-) [potion of
                  | mutation]
 81521 | Zot:5    | Lost mutation: You are partially covered in iridescent
                  | scales. (AC +2) [potion of mutation]
 81521 | Zot:5    | Gained mutation: Your flesh is heat resistant. (rF+)
                  | [potion of mutation]
 81521 | Zot:5    | Gained mutation: You are highly strong-willed. (Will++)
                  | [potion of mutation]
 81547 | Zot:5    | Gained mutation: Your body often deteriorates upon taking
                  | damage. [an orb of fire]
 81556 | Zot:5    | Killed an orb of fire
 81630 | Zot:5    | Killed an orb of fire
 81630 | Zot:5    | Received a gift from Okawaru
 81630 | Zot:5    | Gained mutation: You sometimes lose your temper in combat.
                  | [an orb of fire]
 81633 | Zot:5    | Killed an orb of fire
 81667 | Zot:5    | Killed an ancient lich
 81783 | Zot:5    | Received a gift from Okawaru
 81886 | Zot:5    | Killed an ancient lich
 81924 | Zot:5    | Killed a Killer Klown
 82005 | Zot:5    | Killed a Killer Klown
 82360 | Zot:5    | Got the Orb of Zot
 82436 | Zot:3    | Lost mutation: Your body often deteriorates upon taking
                  | damage. [potion of mutation]
 82436 | Zot:3    | Lost mutation: You are very weak. (Str -4) [potion of
                  | mutation]
 82436 | Zot:3    | Lost mutation: You are highly strong-willed. (Will++)
                  | [potion of mutation]
 82436 | Zot:3    | Lost mutation: You are weak. (Str -2) [potion of mutation]
 82437 | Zot:3    | Lost mutation: You occasionally lose the ability to read
                  | scrolls when taking damage. [potion of mutation]
 82437 | Zot:3    | Lost mutation: You sometimes lose your temper in combat.
                  | [potion of mutation]
 82437 | Zot:3    | Lost mutation: Your flesh is heat resistant. (rF+) [potion
                  | of mutation]
 82437 | Zot:3    | Gained mutation: Your mind is acute. (Int +4, Str/Dex -1)
                  | [potion of mutation]
 82796 | Depths:2 | Noticed Koumain the pandemonium lord
 82853 | D:15     | Noticed Jumon the pandemonium lord
 83161 | D:3      | Killed Natasha
 83168 | D:3      | HP: 10/214 [Brimstone Fiend/damnation (36)]
 83308 | D:$      | Escaped with the Orb!

Illustrated notes

Levels and vault maps discovered:
D:1:      psy_arrival_heroes, layout_basic
D:2:      layout_loops_ring, palyth_stone_intersect, solitary_fountain,
          fountainhead, minmay_vboxes, uniq_sigmund
D:3:      layout_basic, hangedman_glass_garden, uniq_natasha
D:4:      layout_loops_ring, portal_sewer_entry_e
D:5:      layout_layer_cave, nicolae_overflow_hidden_temple,
          grunt_decor_junction
D:6:      cheibrodos_thug_alley, layout_gridville, minitemple, uniq_duvessa
D:7:      layout_basic, grunt_temple_overflow_open,
          minmay_temple_entry_gardened_gates, serial_corexii_hall,
          corexii_hall_statues_x, corexii_hall_statues_s,
          kennysheep_windowed_goal
D:8:      layout_gridville, serial_shops, shop, nicolae_straight_to_the_point
D:9:      lemuel_ogre_cave, layout_basic, uniq_pikel
D:10:     layout_basic, hellmonk_lair_entry_icy
D:11:     layout_loops_cross, serial_shops, nicolae_shop_trees, wad_scary_box
D:12:     layout_stronghold, david_orc_2, serial_shops,
          nicolae_shop_hallway_plus, nicolae_shop_industrial_runoff,
          minmay_misc_feat_hallway
D:13:     gammafunk_mikee_crab_dinner, layout_rooms, erik_vaults_1, minmay_bent
D:14:     layout_layer_cave, serial_glass, glass_columns_b, glass_columns_a,
          uniq_roxanne
D:15:     grunt_enter_depths_hoard, layout_layer_cave, minmay_misc_feat_columns
Temple:   eino_temple_rhombus
Lair:1:   layout_cave_pods, gammafunk_ghost_necromancy,
          nicolae_lair_grazing_beasts [nicolae_sub_lair_graze_edge,
          nicolae_sub_lair_graze_edge, nicolae_sub_lair_graze_edge,
          nicolae_sub_lair_graze_edge], uniq_fannar
Lair:2:   layout_roguey, hellmonk_spider_entry_life_and_decay,
          nzn_masters_of_martial_movement, infiniplex_staircase_pool_2
Lair:3:   layout_roguey, shoals_dummy_entry, gauntlet_entry_generic,
          beast_lair_carwin_10, serial_bayou_shore_b, grunt_megastairs_4,
          lemuel_fruit_fields
Lair:4:   layout_layer_cave, dpeg_slime_entry_enclosed, dreamdust_gnoll_shepherd
Lair:5:   minmay_lair_end_frog_pond, layout_regular_city, st_stairs_5
Shoals:1: layout_shoals, serial_shops, nicolae_shop_trees
Shoals:2: layout_shoals, nicolae_shop_firing_range
Shoals:3: layout_shoals, nicolae_shoals_nautilus_by_nature, lemuel_oklob_altar,
          uniq_ilsuiw, uniq_nikola
Shoals:4: shoals_end_simple, layout_shoals, shoals_ilsuiw_ice, serial_shops,
          shop, uniq_mara, uniq_polyphemus
Spider:1: layout_spider_delve
Spider:2: layout_spider_delve, gammafunk_ghost_cemetery, uniq_frances,
          uniq_mlioglotl
Spider:3: layout_spider_delve, nicolae_spider_circle_web, uniq_arachne,
          uniq_aizul
Spider:4: spider_rune_water
Slime:1:  layout_caves, cheibrodos_slime_lost_civilization_5
Slime:2:  layout_caves
Slime:3:  layout_caves, nicolae_slime_welcoming_committee
Slime:4:  layout_caves, special_room [special_room_jelly]
Slime:5
Orc:1:    layout_caves
Orc:2:    st_orc_town, layout_caves, serial_shops, nicolae_shop_gaudy_bauble,
          kennysheep_orc_sif_temple, uniq_urug
Elf:1:    minmay_elf_arrival_circle, layout_gridlike, serial_shops,
          nicolae_shop_mannequins, evilmike_minifort,
          nicolae_elf_double_double_double_trouble
Elf:2:    elven_hall_of_blades_hangedman_original
          [nicolae_blade_entry_antechamber], layout_gridlike, basic_altar,
          serial_shops, nicolae_shop_behind_doors
Elf:3:    minmay_elf_hall_quartered_circle, layout_geoelf_octagon,
          uniq_bai_suzhen
Vaults:1: nicolae_vaults_rhombus_5, nicolae_vaults_hexular_roomagon,
          vaults_dpeg_cross, nicolae_vaults_angled_halls,
          nicolae_vaults_oval_intersection, v_misc_31, v_alt_pattern_2,
          nicolae_vaults_cornered_office, nicolae_vaults_security_offices_4,
          nicolae_vaults_trapezoid_lopsided_1, vaults_mumra_minichess_inversion,
          ontoclasm_vaults_decontamination, dpeg_vaults_monster_row,
          layout_vaults_chaotic_city, serial_shops, bzr_in_the_mist
Vaults:2: biasface_ghost_orc_armoury, vaults_room_door_hall,
          nicolae_vaults_doubleplus_tesselated, nicolae_vaults_more_shelving_1,
          nicolae_vaults_oval_intersection, grunt_vaults_swirl,
          nicolae_vaults_murderbox, vaults_dpeg_diagonal,
          hangedman_vaults_corner_blocks, layout_vaults_omnibox, serial_shops,
          nicolae_shop_window_shopping
Vaults:3: hangedman_vaults_impose, nicolae_vaults_big_ls,
          minmay_crypt_entry_simple_sparse, hangedman_vaults_stretched_pinwheel,
          ontoclasm_vaults_loading_screen, nicolae_vaults_trapezoid_4,
          hangedman_vaults_hat, nicolae_vaults_specimen_jars,
          nicolae_vaults_sesquioval_fish, layout_vaults_omnigrid, serial_shops,
          nicolae_shop_crystal, uniq_sojobo
Vaults:4: st_squares, nicolae_vaults_closet_pinwheel_2,
          nicolae_vaults_hexular_roomagon, grunt_vaults_funnel,
          nicolae_vaults_house_2, vaults_standard_mumra_lines,
          hangedman_vaults_river_flow, nicolae_vaults_cochlea,
          nicolae_vaults_windows_and_doors_thing, layout_vaults_omnicross
Vaults:5
Depths:1: layout_gridlike, minmay_stone_trees_small, grunt_hell_entry_dis_mu,
          lightli_corner_chamber, kennysheep_cross_landing,
          infiniplex_staircase_pool_lava, uniq_enchantress
Depths:2: evilmike_makhleb_hellhole, layout_basic, enter_ziggurat_a,
          grunt_pan_entry_in_and_out, hell_entry,
          nicolae_abyss_entry_one_way_or_another, minmay_staircase_bubble,
          uniq_josephina, uniq_asterion
Depths:3: minmay_tile_spiral, layout_honeycomb, abyss_entry,
          pf_vacation_house_of_asmodeus, minmay_shop_grove,
          infiniplex_staircase_star, serial_bayou_shore_a
Depths:4: grunt_twist_and_shout, layout_gridlike, hell_entry,
          chequers_serial_rivers_micro_a, uniq_jory
Zot:1:    layout_misc_corridors, grunt_ministairs_4
Zot:2:    layout_basic, nicolae_transporter_intersection, uniq_tiamat
Zot:3:    layout_cathedral_of_symmetry, grunt_megastairs_2
Zot:4:    layout_onion
Zot:5:    layout_cathedral_of_symmetry

Skill      XL: |  1  2  3  4  5  6  7  8  9 10 11 12 13 14 15 16 17 18 19 20 21 22 23 24 25 26 27 |
---------------+----------------------------------------------------------------------------------+-----
Fighting       | 1 2 4 6 9 10 11 12 14 15 16 17 19 | 19.0
Stealth        | 3 |  3.0
Spellcasting   | 3 4 5 6 8 10 | 10.0
Ice Magic      | 5 6 7 8 |  8.0
Long Blades    | 2 3 6 9 10 11 13 16 18 20 22 | 22.0
Translocations | 3 6 10 13 14 | 14.0
Armour         | 2 9 10 14 | 14.5
Dodging        | 6 9 10 11 15 16 18 | 18.0
Invocations    | 3 9 10 11 13 15 | 15.0
Throwing       | 3 7 10 14 | 14.0
Evocations     | 3 5 |  5.0
Transmutations | 5 10 12 | 12.0
Earth Magic    | 5 10 12 | 12.0
Conjurations   | 5 8 10 | 10.0

Action                     |  1- 3 |  4- 6 |  7- 9 | 10-12 | 13-15 | 16-18 | 19-21 | 22-24 | 25-27 || total
---------------------------+-------+-------+-------+-------+-------+-------+-------+-------+-------++-------
  Melee: Whip              |    29 |       |       |       |       |       |       |       |       ||    29
         Dagger            |    32 |    27 |    96 |    54 |       |       |       |       |       ||   209
         Long sword        |       |     1 |       |       |       |       |       |       |       ||     1
         Short sword       |       |       |   117 |    18 |       |       |       |       |       ||   135
         Punch             |       |       |     3 |     8 |     8 |     2 |    11 |    11 |     1 ||    44
         Scimitar          |       |       |       |   382 |   631 |       |       |       |       ||  1013
         Great sword       |       |       |       |       |   105 |   196 |       |       |       ||   301
         Triple sword      |       |       |       |       |   268 |  1445 |  1047 |   896 |  1827 ||  5483
         Cutlass           |       |       |       |       |    97 |    43 |       |       |       ||   140
         Double sword      |       |       |       |       |       |       |   257 |   355 |    95 ||   707
  Throw: Dart              |       |       |     7 |     6 |    25 |    26 |     4 |       |       ||    68
         Boomerang         |       |       |       |     2 |       |     4 |       |     3 |     8 ||    17
         Throwing net      |       |       |       |       |       |     3 |       |       |       ||     3
         Javelin           |       |       |       |       |       |       |       |     4 |    18 ||    22
   Cast: Freeze            |    40 |     9 |    20 |    17 |       |       |       |       |       ||    86
         Frozen Ramparts   |       |     5 |    37 |    48 |    76 |    72 |    46 |    44 |    14 ||   342
         Ozocubu's Armour  |       |     4 |    32 |    47 |    72 |    74 |    50 |    43 |    12 ||   334
         Manifold Assault  |       |       |       |       |   262 |   592 |   417 |   306 |   589 ||  2166
         Lesser Beckoning  |       |       |       |       |       |    14 |    62 |    71 |    66 ||   213
         Dispersal         |       |       |       |       |       |       |     1 |     1 |       ||     2
         Statue Form       |       |       |       |       |       |       |     1 |    23 |    35 ||    59
         Irradiate         |       |       |       |       |       |       |       |     2 |       ||     2
         Passwall          |       |       |       |       |       |       |       |       |    31 ||    31
 Invoke: Heroism           |       |       |       |     2 |     4 |    10 |     9 |     4 |    11 ||    40
         Finesse           |       |       |       |       |     1 |     3 |     4 |     3 |    10 ||    21
         Duel              |       |       |       |       |       |       |     1 |     1 |       ||     2
Ability: End Transformatio |       |       |       |       |       |       |       |       |     2 ||     2
  Evoke: Wand              |       |       |       |    12 |     8 |    13 |     3 |     1 |     8 ||    45
         Phial of floods   |       |       |       |       |     2 |     3 |     3 |       |       ||     8
         Tin of tremorston |       |       |       |       |     2 |     4 |     3 |     2 |     2 ||    13
    Use: Scroll            |     3 |     3 |     6 |    17 |    12 |    19 |    13 |     7 |    24 ||   104
         Potion            |       |       |       |     3 |    10 |    21 |    11 |     7 |    36 ||    88
   Stab: Sleeping          |       |     3 |       |     2 |     3 |       |     3 |     9 |     1 ||    21
         Paralysed         |       |       |       |     3 |       |       |       |       |       ||     3
         Invisible         |       |       |       |     1 |     1 |     2 |       |       |     1 ||     5
         Distracted        |       |       |       |       |       |     1 |     6 |     8 |     8 ||    23
 Armour: Robe              |    19 |    15 |   101 |       |       |       |       |       |       ||   135
         Steam dragon scal |       |       |     3 |   204 |   254 |       |       |       |       ||   461
         Skin              |       |       |       |    18 |    56 |       |     1 |   200 |   284 ||   559
         Troll leather arm |       |       |       |       |    66 |   841 |   257 |       |       ||  1164
         Acid dragon scale |       |       |       |       |       |       |    42 |   197 |   209 ||   448
  Dodge: Dodged            |    79 |    33 |   151 |   285 |   673 |  1322 |   533 |   760 |  1192 ||  5028
         Repelled          |       |       |       |       |     5 |    19 |    21 |    11 |    15 ||    71

Table legend: (Time is in decaauts)
 A = Elapsed time spent in this place.
 B = Non-inter-level travel time spent in this place.
 C = Inter-level travel time spent in this place.
 D = Time resting spent in this place.
 E = Time spent auto-exploring this place.
 F = Levels seen in this place.
 G = Mean time per level.
                   A        B        C        D        E       F      G
               +--------+--------+--------+--------+--------+-----+--------+
         Total |  83746 |  75934 |   7812 |  23775 |  30445 |  63 | 1329.3 |
       Dungeon |  24512 |  21203 |   3309 |   5171 |  11811 |  15 | 1634.1 |
        Temple |      1 |      1 |      0 |      0 |      0 |   1 |    1.0 |
          Lair |  11912 |  10387 |   1525 |   3141 |   4528 |   5 | 2382.4 |
        Shoals |   4599 |   4329 |    270 |   1523 |    620 |   4 | 1149.8 |
   Spider Nest |   6459 |   6080 |    379 |   2644 |   1384 |   4 | 1614.8 |
    Slime Pits |   1756 |   1698 |     58 |    956 |      0 |   5 |  351.2 |
  Orcish Mines |   2393 |   2201 |    192 |    505 |   1328 |   2 | 1196.5 |
   Elven Halls |   4974 |   4711 |    263 |   1099 |   2412 |   3 | 1658.0 |
        Vaults |   9691 |   8985 |    706 |   2347 |   3992 |   5 | 1938.2 |
        Depths |   7740 |   6879 |    861 |   1833 |   2890 |   4 | 1935.0 |
           Zot |   5573 |   5330 |    243 |   3148 |    530 |   5 | 1114.6 |
         Abyss |   2341 |   2341 |      0 |    740 |    340 |   5 |  468.2 |
        Bazaar |    100 |    100 |      0 |      0 |     56 |   1 |  100.0 |
         Sewer |    902 |    902 |      0 |    281 |    382 |   1 |  902.0 |
      Gauntlet |    741 |    741 |      0 |    384 |    169 |   1 |  741.0 |
         Arena |     46 |     46 |      0 |      0 |      0 |   2 |   23.0 |
               +--------+--------+--------+--------+--------+-----+--------+

Top non-repeatable levels by time:
   Zot:5: 4319 daAuts
  Lair:1: 3203 daAuts
  Lair:5: 3123 daAuts
Depths:3: 2660 daAuts
   Elf:1: 2490 daAuts
    D:12: 2456 daAuts
Vaults:1: 2436 daAuts
    D:14: 2427 daAuts
    D:11: 2424 daAuts
Vaults:5: 2236 daAuts
    D:10: 2225 daAuts
  Lair:4: 2103 daAuts
Vaults:3: 2103 daAuts
     D:9: 2045 daAuts
  Lair:2: 1998 daAuts
